 Seeded DCSS version 0.31-a0-818-ge7c7cf74f0 (webtiles) character file.

Game seed: 6378251012990392933 (custom seed)

56 Hubris850 the Shooter (level 3, 0/21 HPs)
             Began as a Tengu Hexslinger on Sept 22, 2023.
             Slain by an adder (1 damage)
             ... on level 2 of the Dungeon.
             The game lasted 00:03:33 (1080 turns).

Hubris850 the Shooter (Tengu Hexslinger)            Turns: 1080, Time: 00:03:33

Health: 0/21       AC:  2    Str:  8    XL:     3   Next: 95%
Magic:  5/5        EV: 13    Int: 13    God:
Gold:   45         SH:  0    Dex: 18    Spells: 4/4 levels left

rFire   . . .        a - +1 sling
rCold   . . .        (no shield)
rNeg    . . .        c - +0 robe
rPois   .            (helmet restricted)
rElec   .            (no cloak)
rCorr   .            (no gloves)
SInv    .            (boots unavailable)
Will    .....        (no amulet)
Stlth   ++           (no ring)
HPRegen 0.23/turn    (no ring)
MPRegen 0.09/turn

%: acrobat
@: no status effects
A: beak, talons 3, acrobatic
a: no special abilities


You were on level 2 of the Dungeon.
You visited 1 branch of the dungeon, and saw 2 of its levels.

You collected 45 gold pieces.

Inventory:

Hand Weapons
 a - a +1 sling (weapon)
 d - a +0 quarterstaff
 m - a +0 long sword
Armour
 c - a +0 robe (worn)
Talismans
 e - a flux talisman
Scrolls
 b - a scroll of poison
 f - a scroll of enchant armour {unknown}
 h - a scroll of torment {unknown}
 i - a scroll of identify {unknown}
 k - a scroll of immolation {unknown}
 l - a scroll of silence {unknown}
Potions
 g - a potion of curing
 j - a potion of haste {unknown}


   Skills:
 - Level 2.0 Fighting
 + Level 3.2 Ranged Weapons
 + Level 3.2 Dodging
 - Level 1.0 Spellcasting
 - Level 2.1 Hexes
 - Level 1.1 Fire Magic


You had 4 spell levels left.
You didn't know any spells.
Your spell library contained the following spells:

 Spells                   Type           Power      Damage    Failure   Level
 Jinxbite                 Hex            12%        N/A       17%         2
 Necrotise                Necr           0%         1d4       28%         1
 Sigil of Binding         Hex            6%         N/A       34%         3
 Inner Flame              Hex/Fire       4%         N/A       41%         3
 Vampiric Draining        Necr           0%         2d6       63%         3
 Cause Fear               Hex            3%         N/A       75%         4
 Dimensional Bullseye     Hex/Tloc       1%         N/A       87%         4
 Agony                    Necr           0%         N/A       100%        5


Dungeon Overview and Level Annotations

Branches:
Dungeon (2/15)

Altars:


Innate Abilities, Weirdness & Mutations

You have a beak for a mouth.
You have claws for feet.
You can magically evade attacks while moving or waiting.


Message History

The adder bites you.
You are too injured to fight recklessly!
You are too injured to fight recklessly!
You are too injured to fight recklessly!
You are too injured to fight recklessly!
Unknown command.
Fire: a) +1 sling
Press: ? - help, Q - select action Shift-Dir - straight line, f/p - adder
Aim: an adder (heavily wounded, 44% to hit)
You shoot a sling bullet.
The sling bullet barely misses the adder.
The sling bullet misses the kobold.
The adder misses you. x2
Fire: a) +1 sling
Press: ? - help, Q - select action Shift-Dir - straight line, f/p - adder
Aim: an adder (heavily wounded, 44% to hit)
You shoot a sling bullet.
The sling bullet closely misses the adder.
The sling bullet hits the kobold.
The kobold is heavily wounded.
The adder barely misses you.
Fire: a) +1 sling
Press: ? - help, Q - select action Shift-Dir - straight line, f/p - adder
Aim: an adder (heavily wounded, 44% to hit)
You shoot a sling bullet. The sling bullet hits the adder.
The adder is almost dead.
The adder bites you.
* * * LOW HITPOINT WARNING * * *
The adder closely misses you.
Fire: a) +1 sling
Press: ? - help, Q - select action Shift-Dir - straight line, f/p - adder
Aim: an adder (almost dead, 44% to hit)
You shoot a sling bullet.
The sling bullet barely misses the adder.
The sling bullet hits the kobold.
The kobold is severely wounded.
The adder bites you.
* * * LOW HITPOINT WARNING * * *
The adder bites you.
You die...

#.#
#######.#
#......[#
#.#######
#.# #.#
#.# #.#
#@# #S#
#K'...:..
###......
......
.....
.....
.... ....


You could see an adder and a kobold.

Vanquished Creatures
  3 adders (D:2)
  A worm (D:2)
  7 bats
  An endoplasm (D:1)
  2 giant cockroaches (D:2)
  4 jackals (D:1)
  3 ball pythons
  2 kobolds
  4 rats
27 creatures vanquished.

Notes
Turn   | Place    | Note
-------+----------+-------------------------------------------
     0 | D:1      | Hubris850 the Tengu Hexslinger began the quest for the Orb.
     0 | D:1      | Reached XP level 1. HP: 12/12 MP: 3/3
   324 | D:1      | Found a faded altar of an unknown god.
   387 | D:1      | Reached XP level 2. HP: 16/16 MP: 4/4
   760 | D:2      | Reached XP level 3. HP: 4/21 MP: 5/5
  1080 | D:2      | HP: 1/21 [adder (4)]
  1080 | D:2      | Slain by an adder

Illustrated notes

Levels and vault maps discovered:
D:1:      heliophobic_arrival_ceremonial_halls, layout_loops_ring,
          dreamdust_ecumenical_altar_grove, hex_tiny,
          dreamdust_mushroom_princess, minmay_fountain_box,
          hangedman_feature_mirror
D:2:      layout_basic

Skill      XL: |  1  2  3 |
---------------+----------+-----
Fighting       | 2 |  2.0
Ranged Weapons | 3 |  3.2
Dodging        | 3 |  3.2
Spellcasting   | |  1.0
Hexes          | |  2.1
Fire Magic     | |  1.1

Action                     || total
---------------------------++-------
   Fire: Sling             ||   102
    Use: Potion            ||     1
 Armour: Robe              ||    37
  Dodge: Dodged            ||    47

Table legend: (Time is in decaauts)
 A = Elapsed time spent in this place.
 B = Non-inter-level travel time spent in this place.
 C = Inter-level travel time spent in this place.
 D = Time resting spent in this place.
 E = Time spent auto-exploring this place.
 F = Levels seen in this place.
 G = Mean time per level.
                   A        B        C        D        E       F      G
               +--------+--------+--------+--------+--------+-----+--------+
         Total |   1106 |   1100 |      6 |     70 |    806 |   2 |  553.0 |
       Dungeon |   1106 |   1100 |      6 |     70 |    806 |   2 |  553.0 |
               +--------+--------+--------+--------+--------+-----+--------+

Top non-repeatable levels by time:
     D:1: 687 daAuts
     D:2: 418 daAuts
